 Dungeon Crawl Stone Soup version 0.15-a0-198-g2f4809b (webtiles) character file.

150 PolkaDot the Caller (level 4, 0/33 HPs)
             Began as a Vampire Summoner on Apr 23, 2014.
             Slain by an orc
             ... wielding a +0,+0 trident
              (1 damage)
             ... on Level 3 of the Dungeon.
             The game lasted 00:08:13 (1884 turns).

PolkaDot the Caller (Vampire Summoner)              Turns: 1884, Time: 00:08:13

HP   0/33        AC  7     Str  7      XL: 4   Next: 40%
MP   4/7         EV 12     Int 18      God:
Gold 55          SH  0     Dex 14      Spells:  2 memorised,  3 levels left

rFire  x . .     SeeInvis +     g - +2,+1 mace (protect)
rCold  + . .     Clarity  .     a - +0 robe
rNeg   . . .     Conserve .     (no shield)
rPois  .         rCorr    .     (no helmet)
rElec  .         rRot     .     (no cloak)
SustAb + .       Spirit   .     (no gloves)
rMut   .         Warding  .     (no boots)
Saprov . . .     Stasis   .     (no amulet)
MR     .....                    p - ring of ice
                                i - ring of sustain abilities {unknown}

@: regenerating quickly, not resistant to hostile enchantments, stealthy
A: fangs 3, see invisible, unbreathing
a: no special abilities


You were on level 3 of the Dungeon.
You were very full.

You visited 1 branch of the dungeon, and saw 3 of its levels.

You collected 55 gold pieces.

Inventory:

Hand weapons
 g - a +2,+1 mace of protection (weapon)
Armour
 a - a +0 robe (worn)
Magical devices
 o - a wand of enslavement (12)
Scrolls
 c - a scroll of teleportation
 e - 2 scrolls of blinking
 f - a scroll of fear {unknown}
 h - a scroll of enchant armour {unknown}
 k - a scroll of identify {unknown}
 m - a scroll of magic mapping {unknown}
Jewellery
 i - a ring of sustain abilities (left hand) {unknown}
 p - a ring of ice (right hand)
 q - an uncursed ring of flight
Potions
 d - 2 potions of brilliance {unknown}
 l - a potion of curing {unknown}
 n - a potion of might {unknown}
Books
 b - a book of Callings

   Spells                             Type                      Level
   *Summon Small Mammal               Summoning                    1
   Call Imp                           Summoning                    2
   *Call Canine Familiar              Summoning                    3
   Summon Guardian Golem              Hexes/Summoning              4
   Summon Lightning Spire             Summoning/Air                4
   Summon Ice Beast                   Ice/Summoning                4


   Skills:
 - Level 2.2 Fighting
 - Level 2.1 Dodging
 - Level 3.0 Stealth
 - Level 2.0 Spellcasting
 + Level 5.1 Summonings


You had 3 spell levels left.
You knew the following spells:

 Your Spells              Type           Power        Failure   Level  Hunger
a - Summon Small Mammal   Summ           ###.         1%          1    #......
c - Call Canine Familiar  Summ           ###.....     10%         3    ####...


Dungeon Overview and Level Annotations

Branches:
Dungeon (3/15)

Altars:


Innate Abilities, Weirdness & Mutations

Your natural rate of healing is unusually fast.
You have razor-sharp teeth.*
You have supernaturally acute eyesight.
You can survive without breathing.*


Message History

Your hound bites the orc but does no damage.
The orc priest misses you. The orc barely misses you.
Your hound bites the orc.
The orc priest hits you. The orc barely misses your hound.
You hit the orc priest.
The orc priest is moderately wounded.
Your hound bites the orc but does no damage.
The orc hits you but does no damage. The orc priest barely misses you.
The orc hits your hound with a flail!
Your hound bites the orc but does no damage.
The orc hits you but does no damage.
You closely miss the orc priest.
The orc priest is moderately wounded.
Your hound bites the orc.
The orc dies!
The orc priest mumbles some strange prayers to Beogh against you.
Something smites you!
* * * LOW HITPOINT WARNING * * *
Your hound bites the orc priest but does no damage.
The orc hits you with a trident.
You die...

##(#.........## #.#
...#.####.....#### #.#
#..#.###.......#.. #.
#..............#># [
#.##.###...#...#.#
#.##......###.##.# # #
#<##.#####.#.###.##.#..#.
#.##............oh)......
#.##.###########@o#......
#.##.######### #..# ...
#............. ..... .
####.##############...
#.# .#.# # #.# # # . #
#.# #.# # #.#####.# #.#
#### #.......# #.# #...


You could see an orc priest, an orc and a friendly hound.

Vanquished Creatures
  An adder (D:3)
  An inept item mimic (D:2)
  3 worms
  A giant gecko (D:1)
  An ooze (D:3)
  2 orcs (D:3)
  2 giant cockroaches
  5 hobgoblins
  3 jackals (D:3)
  7 bats
  2 giant newts
  4 goblins
  8 kobolds
  A quokka (D:2)
  6 rats
47 creatures vanquished.

Vanquished Creatures (collateral kills)
  An adder (D:3)
  A giant gecko (D:1)
  An orc (D:3)
  A hobgoblin (D:1)
  A kobold (D:2)
  2 giant newts (D:1)
  A goblin (D:1)
  4 jackals (D:2)
12 creatures vanquished.

Vanquished Creatures (others)
  2 quokkas (D:3)
  A bat (D:3)
  A rat (D:2)
4 creatures vanquished.

Grand Total: 63 creatures vanquished

Notes
Turn   | Place    | Note
--------------------------------------------------------------
     0 | D:1      | PolkaDot, the Vampire Summoner, began the quest for the Orb.
     0 | D:1      | Reached XP level 1. HP: 13/13 MP: 3/3
    86 | D:1      | Reached skill level 1 in Fighting
   379 | D:1      | Reached XP level 2. HP: 21/21 MP: 4/4
   720 | D:2      | Reached XP level 3. HP: 22/27 MP: 1/6
   802 | D:2      | Learned a level 3 spell: Call Canine Familiar
  1352 | D:3      | Reached XP level 4. HP: 17/33 MP: 3/7
  1583 | D:3      | Reached skill level 5 in Summonings
  1884 | D:3      | HP: 1/33 [orc priest/divine providence (15)]
  1884 | D:3      | Slain by an orc

Action                   |  1- 3 |  4- 6 || total
-------------------------+-------+-------++-------
Melee: Unarmed           |    14 |       ||    14
       Mace              |    94 |    59 ||   153
       Spear             |     4 |       ||     4
 Cast: Summon Small Mamm |    19 |       ||    19
       Call Canine Famil |     2 |     1 ||     3
Evoke: Wand              |     1 |       ||     1
  Use: Potion            |     1 |       ||     1
       Scroll            |       |     6 ||     6
 Stab: Sleeping          |     5 |     2 ||     7
       Distracted        |     2 |       ||     2
